 Dungeon Crawl Stone Soup version 0.31-a0-232-gb1c03b2570 (webtiles) character file.

Game seed: 12445569684639661735

72 qw the Shooter (level 4, -1/36 HPs)
             Began as a Minotaur Hexslinger on July 7, 2023.
             Slain by a hobgoblin (4 damage)
             ... led by Robin
             ... on level 2 of the Dungeon.
             The game lasted 00:00:32 (1096 turns).

qw the Shooter (Minotaur Hexslinger)                Turns: 1096, Time: 00:00:32

Health: -1/36      AC:  5    Str: 13    XL:     4   Next: 6%
Magic:  4/4        EV: 11    Int: 10    God:
Gold:   42         SH:  0    Dex: 14    Spells: 4/5 levels left

rFire   . . .        Y - +1 sling
rCold   . . .        (no shield)
rNeg    . . .        h - +0 ring mail
rPois   .            (helmet restricted)
rElec   .            (no cloak)
rCorr   .            (no gloves)
SInv    .            (no boots)
Will    .....        (no amulet)
Stlth   +            (no ring)
HPRegen 0.26/turn    (no ring)
MPRegen 0.09/turn

%: no passive effects
@: no status effects
A: horns 2, retaliatory headbutt
a: no special abilities


You were on level 2 of the Dungeon.
You visited 1 branch of the dungeon, and saw 2 of its levels.

You collected 58 gold pieces.
You spent 16 gold pieces at shops.


Innate Abilities, Weirdness & Mutations

You have a pair of horns on your head.
You reflexively headbutt those who attack you in melee.


   Skills:
 - Level 2.0 Fighting
 + Level 4.2 Ranged Weapons
 - Level 1.5 Armour
 - Level 2.1 Dodging
 - Level 1.0 Spellcasting
 - Level 2.0 Hexes


You had 4 spell levels left.
You knew the following spells:

 Your Spells              Type           Power      Damage    Failure   Level
a - Slow                  Hex            16%        N/A       32%         1

Your spell library contained the following spells:

 Spells                   Type           Power      Damage    Failure   Level
 Inner Flame              Hex/Fire       2%         N/A       82%         3
 Portal Projectile        Hex/Tloc       4%         N/A       82%         3
 Cause Fear               Hex            2%         N/A       97%         4

Inventory:

Hand Weapons
 Y - a +1 sling (weapon)
Armour
 h - a +0 ring mail (worn)
Potions
 a - a potion of brilliance {unknown}
 d - a potion of cancellation {unknown}
 f - a potion of magic {unknown}
 g - a potion of heal wounds {unknown}

Dungeon Overview and Level Annotations

Branches:
Dungeon (2/15)

Altars:

Shops:
D:1 *

Annotations:
D:2 Robin


Message History

The hobgoblin misses you.
You shoot a sling bullet. The sling bullet hits the goblin.
You kill the goblin!
Robin throws the goblin at you! The hobgoblin hits you.
The goblin hits you with a +0 dagger.
You shoot a sling bullet. The sling bullet hits the goblin.
You kill the goblin!
The hobgoblin closely misses you. The goblin barely misses you.
You have reached level 4!
You feel stronger.
You shoot a sling bullet.
The sling bullet closely misses the goblin.
The hobgoblin completely misses you.
The goblin hits you with a +0 dagger. x2
The hobgoblin closely misses you. Robin throws the goblin at you!
You shoot a sling bullet. The sling bullet hits the goblin.
The goblin is heavily wounded.
The hobgoblin closely misses you. You furiously retaliate!
You headbutt the hobgoblin.
You kill the hobgoblin!
The goblin hits you with a +0 club.
You shoot a sling bullet.
The sling bullet barely misses the goblin.
The goblin hits you but does no damage. The goblin barely misses you.
You shoot a sling bullet.
The sling bullet barely misses the goblin.
Robin throws the goblin at you!
The goblin hits you with a +0 dagger. x2
The goblin closely misses you. You furiously retaliate!
You headbutt the goblin!
You kill the goblin!
The hobgoblin hits you.
The goblin hits you with a +0 dagger. x2
You shoot a sling bullet.
The sling bullet closely misses the goblin.
The hobgoblin hits you but does no damage.
The goblin hits you with a +0 dagger. The goblin closely misses you.
Robin says, "My goblins will feast on your bones."
You shoot a sling bullet. The sling bullet hits the goblin.
You kill the goblin!
The hobgoblin hits you. The goblin hits you but does no damage.
You shoot a sling bullet.
The sling bullet hits the hobgoblin but does no damage.
The hobgoblin hits you.
You die...

#.# #.# #.# #.#
#.# #.#
.)##############.#
.).).ggg)......#.#
#@)........#
#.######.#.# #.#
#.#.#### #.#
#.#....# #.#
#.#....#### #..
#.......... ##.
###....#### .
#....####
#........


You could see Robin, a hobgoblin (strong) and a goblin (strong).

Vanquished Creatures
  An adder (D:2)
  A dart slug (D:2)
  2 ball pythons (D:1)
  4 bats
  8 endoplasms
  2 giant cockroaches (D:2)
  8 goblins
  8 hobgoblins
  4 jackals (D:1)
  7 kobolds
  2 quokkas (D:1)
  A frilled lizard (D:1)
  2 rats (D:1)
50 creatures vanquished.

Notes
Turn   | Place    | Note
-------+----------+-------------------------------------------
     0 | D:1      | qw the Minotaur Hexslinger began the quest for the Orb.
     0 | D:1      | Reached XP level 1. HP: 16/16 MP: 1/1
     0 | D:1      | 0 ||| qw: Version: 0.3-a-46-gb1f654a
     0 | D:1      | 0 ||| qw: Game counter: 2347
     0 | D:1      | 0 ||| qw: Melee chars always use a shield: true
     0 | D:1      | 0 ||| qw: God list: Okawaru
     0 | D:1      | 0 ||| qw: Allow faded altars: false
     0 | D:1      | 0 ||| qw: Do Orc after clearing Dungeon:15 true
     0 | D:1      | 0 ||| qw: Do second Lair branch before Depths: true
     0 | D:1      | 0 ||| qw: Lair rune preference: random
     0 | D:1      | 0 ||| qw: Goals: Normal
     0 | D:1      | 0 ||| PLANNING D:1-11
   116 | D:1      | Reached skill level 3 in Ranged Weapons
   116 | D:1      | Reached XP level 2. HP: 23/23 MP: 2/2
   129 | D:1      | Found Wyigean's Assorted Antiques.
   138 | D:1      | 138 ||| SHOPLISTING 2 pink potions (32 gold, have 20).
   138 | D:1      | 138 ||| SHOPLISTING 2 ruby potions (32 gold, have 20).
   138 | D:1      | 138 ||| BUYING pink potion (16 gold).
   138 | D:1      | Bought a pink potion for 16 gold pieces
   138 | D:1      | 138 ||| SHOPLISTING puce potion (16 gold, have 4).
   138 | D:1      | 138 ||| SHOPLISTING purple potion (16 gold, have 4).
   138 | D:1      | 138 ||| SHOPLISTING scroll labelled DONYOTAPNY (18 gold,
                  | have 4).
   138 | D:1      | 138 ||| SHOPLISTING scroll labelled QAHAZOZINI (18 gold,
                  | have 4).
   138 | D:1      | 138 ||| SHOPLISTING scroll labelled ZAEPRI ITAMN (18 gold,
                  | have 4).
   407 | D:1      | Reached XP level 3. HP: 13/29 MP: 3/3
   581 | D:1      | 581 ||| UPGRADING to +0 ring mail.
   591 | D:1      | 591 ||| DROPPING +0 robe.
   592 | D:1      | 592 ||| READING scroll labelled TOETHR BISUGGA.
   693 | D:1      | 693 ||| DROPPING scroll of poison.
   847 | D:2      | Reached skill level 4 in Ranged Weapons
  1042 | D:2      | Reached skill level 1 in Armour
  1086 | D:2      | Noticed Robin
  1090 | D:2      | Reached XP level 4. HP: 21/36 MP: 4/4
  1093 | D:2      | HP: 9/36 [goblin/+0 dagger[Robin] (3)]
  1094 | D:2      | HP: 4/36 [goblin/+0 dagger[Robin] (1)]
  1096 | D:2      | Slain by a hobgoblin

Levels and vault maps discovered:
D:1:      giann_bridges, layout_rooms, serial_shops, shop,
          kennysheep_small_spiral
D:2:      layout_basic, moated_statue, grunt_ministairs_15, uniq_jessica,
          uniq_robin

Skill      XL: |  1  2  3 |
---------------+----------+-----
Ranged Weapons | 3 4 |  4.2
Fighting       | 2 |  2.0
Armour         | 1 |  1.5
Dodging        | |  2.1
Spellcasting   | |  1.0
Hexes          | |  2.0

Action                     |  1- 3 |  4- 6 || total
---------------------------+-------+-------++-------
   Fire: Sling             |   143 |     7 ||   150
    Use: Scroll            |     1 |       ||     1
 Armour: Robe              |     7 |       ||     7
         Ring mail         |    22 |     4 ||    26
  Dodge: Dodged            |    55 |     6 ||    61

Table legend:
 A = Non-vault XP
 B = Vault XP
 C = Vault XP percentage of total XP
 D = Non-vault monster count
 E = Vault monster count
 F = Vault count percentage of total count
                 A         B        C        D         E       F
            +---------+---------+-------+---------+---------+-------
      Total |      84 |      19 |  18.4 |      40 |      10 |  20.0
            +---------+---------+-------+---------+---------+-------
        D:1 |      44 |       0 |   0.0 |      25 |       0 |   0.0
        D:2 |      40 |      19 |  32.2 |      15 |      10 |  40.0
            +---------+---------+-------+---------+---------+-------
